 Dungeon Crawl Stone Soup version 0.16-a0-2063-g87d9768 (webtiles) character file.

190 Psiweapon the Sneak (level 5, -3/38 HPs)
             Began as a Vampire Gladiator on Nov 11, 2014.
             Slain by ZombieSheep's ghost (7 damage)
             ... on level 4 of the Dungeon.
             The game lasted 00:10:53 (4091 turns).

Psiweapon the Sneak (Vampire Gladiator)             Turns: 4091, Time: 00:10:53

Health: -3/38      AC:  4    Str: 15    XL:     5   Next: 41%
Magic:  5/5        EV: 12    Int: 10    God:
Gold:   212        SH:  0    Dex: 14    Spells: 0 memorised, 4 levels left

rFire  . . .     SeeInvis +     a - +0 long sword
rCold  + + .     Clarity  .     i - +0 leather armour (curse)
rNeg   + + +     SustAb   .     (no shield)
rPois  +         Gourm    .     c - +0 helmet
rElec  .         Spirit   .     (no cloak)
rCorr  .         Warding  .     (no gloves)
rMut   .         Stasis   .     (no boots)
MR     .....                    (no amulet)
Stlth  +++.......               (no ring)
                                (no ring)

@: bloodless, non-regenerating, not resistant to hostile enchantments, fairly
stealthy
A: fangs 3, see invisible, unbreathing
a: Bat Form


You were on level 4 of the Dungeon.
You were bloodless.

You visited 1 branch of the dungeon, and saw 4 of its levels.

You collected 212 gold pieces.

Inventory:

Hand weapons
 a - a +0 long sword (weapon)
 r - a +0 hunting sling
 t - a +0 rapier
Missiles
 d - 3 throwing nets
 f - 3 javelins
 q - 4 curare-tipped needles
 s - 20 stones
 u - a tomahawk (quivered)
Armour
 b - a +0 leather armour
 c - a +0 helmet (worn)
 i - a cursed +0 leather armour (worn)
Jewellery
 j - an uncursed ring of fire
Scrolls
 g - a scroll of amnesia {unknown}
 h - 7 scrolls of identify {unknown}
 k - 2 scrolls of immolation {unknown}
 m - a scroll of fear {unknown}
 o - a scroll of teleportation {unknown}
Potions
 e - a potion of mutation {unknown}
 l - a potion of resistance {unknown}
 n - a potion of curing {unknown}
 p - a potion of poison {unknown}


   Skills:
 - Level 1.7 Fighting
 - Level 5.0 Long Blades
 - Level 1.5 Throwing
 + Level 3.2 Dodging
 - Level 5.3 Stealth


You had 4 spell levels left.
You didn't know any spells.

Dungeon Overview and Level Annotations

Branches:
Dungeon (4/15)
 Temple: D:4-7

Altars:
Yredelemnul

Annotations:
D:4 ZombieSheep's ghost, experienced OpFi


Innate Abilities, Weirdness & Mutations

You do not heal naturally.
You have razor-sharp teeth.
You have supernaturally acute eyesight.
You can survive without breathing.


Message History

ZombieSheep's ghost completely misses you.
You closely miss ZombieSheep's ghost.
ZombieSheep's ghost hits you but does no damage.
You closely miss ZombieSheep's ghost.
ZombieSheep's ghost hits you but does no damage.
You slash ZombieSheep's ghost!
ZombieSheep's ghost is lightly damaged.
ZombieSheep's ghost closely misses you.
You barely miss ZombieSheep's ghost.
ZombieSheep's ghost is lightly damaged.
ZombieSheep's ghost barely misses you.
You closely miss ZombieSheep's ghost.
ZombieSheep's ghost is lightly damaged.
ZombieSheep's ghost says, "Ah, a second chance to prove myself in battle!"
ZombieSheep's ghost misses you. ZombieSheep's ghost barely misses you.
You closely miss ZombieSheep's ghost.
ZombieSheep's ghost is lightly damaged.
The walls and floor vibrate strangely for a moment.
ZombieSheep's ghost hits you!
You die...

...
#........#
......#
#....$...#
#......#
#........#
#......#
#..W.....#
#......#
#........#
#.....$#
#....§<..#
#.!....#
#........#
+....W.#
#..........
#....@.#
#..........
#......#
#......#+#.
#...<###
##≈....# .
#...##
≈≈≈≈..#
###+
≈≈..###.
### .


You could see ZombieSheep's ghost.

Vanquished Creatures
  An orc wizard (D:3)
  8 adders
  4 worms
  3 giant geckos
  6 orcs (D:3)
  6 bats
  3 giant cockroaches
  2 gnoll zombies (D:2)
  5 goblins
  11 hobgoblins
  A ball python (D:2)
  2 giant newts
  8 kobolds
  2 rats (D:2)
62 creatures vanquished.

Notes
Turn   | Place    | Note
--------------------------------------------------------------
     0 | D:1      | Psiweapon, the Vampire Gladiator, began the quest for the Orb.
     0 | D:1      | Reached XP level 1. HP: 16/16 MP: 1/1
    46 | D:1      | Reached skill level 1 in Stealth
   214 | D:1      | Reached XP level 2. HP: 16/22 MP: 2/2
  1034 | D:2      | Reached skill level 4 in Stealth
  1134 | D:2      | Reached XP level 3. HP: 12/27 MP: 3/3
  1379 | D:2      | Reached skill level 5 in Stealth
  1706 | D:2      | Reached XP level 4. HP: 29/33 MP: 4/4
  1806 | D:2      | Found a basalt altar of Yredelemnul.
  2712 | D:3      | Reached XP level 5. HP: 23/38 MP: 5/5
  3457 | D:3      | Reached skill level 5 in Long Blades
  4024 | D:4      | Noticed a phantom
  4080 | D:4      | Noticed ZombieSheep's ghost (experienced OpFi)
  4091 | D:4      | Slain by ZombieSheep's ghost

Action                   |  1- 3 |  4- 6 || total
-------------------------+-------+-------++-------
Melee: Long sword        |    98 |   109 ||   207
       Rapier            |       |     3 ||     3
Throw: Javelin           |       |     3 ||     3
       Tomahawk          |       |     3 ||     3
 Abil: End Transformatio |       |     1 ||     1
       Bat Form          |       |     1 ||     1
 Stab: Sleeping          |     8 |     2 ||    10
  Eat: Corpse            |       |     3 ||     3
